Map: Mech-Depot LE

Players

Panda - Winner!

  • Race: Zerg Zerg
  • League: Platinum
  • Spawn Location: 1:00

Talen

  • Race: Zerg Zerg
  • League: Platinum
  • Spawn Location: 7:00

VOD

Have the link to the VOD?

Description

Time

  • Played on: Sept. 2, 2017, 3:04 p.m.
  • Length: 3:29
Show
View Real Time Build Order
Export as new Build Order

Panda Zerg - Winner!

Build Orders: Pool Only 

Get SALT Encoding   

  12  0:00  Drone  
  13  0:18  Extractor  
  12  0:24  Spawning Pool  
  11  0:28  Drone  
  11  0:33  Drone  
  13  0:41  Overlord  
  13  0:48  Drone  
  14  1:11  Queen  
  14  1:13  Zergling x2  
  14  1:15  Zergling x2  
  18  1:23  Metabolic Boost  
  18  1:29  Zergling x2  
  19  1:42  Baneling Nest  
  19  1:45  Zergling x2  
  19  1:53  Zergling x2  
  20  1:57  Overlord  
  20  2:06  Zergling x2  
  21  2:15  Zergling x2  
  22  2:33  Baneling x2  
  22  2:37  Zergling x4  
  22  2:38  Zergling x4  
  22  2:41  Baneling x2  
  24  3:03  Zergling x4  
Show
View Real Time Build Order
Export as new Build Order

Talen Zerg 

Build Orders: Hatch First 

Get SALT Encoding   

  12  0:02  Drone  
  13  0:15  Overlord  
  13  0:18  Drone  
  14  0:23  Extractor  
  14  0:24  Drone  
  15  0:36  Drone  
  15  0:38  Drone  
  17  0:57  Drone  
  17  0:59  Hatchery  
  17  1:00  Extractor  
  17  1:03  Drone  
  17  1:23  Spawning Pool  
  16  1:26  Drone x2  
  18  1:50  Hatchery  
  17  1:58  Drone  
  17  2:00  Drone  
  19  2:05  Overlord  
  19  2:18  Zergling x2  
  19  2:19  Zergling x2  
  21  2:24  Zergling x2  
  22  2:32  Zergling x2  
  22  2:35  Zergling x2  
  24  2:49  Zergling x2  
  24  2:50  Zergling x4  
  14  3:07  Drone  
Tags
 
Matchup
ZvZ
Race
Zerg
Replay Pack
replays1
Spawn Locations
Cross Positions
Add a new tag
Caveats
  • Supply blocks, unpowered buildings, or Contaminate may cause inaccurate times.
  • Supply counts are checked every 10 seconds.